 Dungeon Crawl Stone Soup version 0.19-a0-599-g723c685 (webtiles) character file.

1669230 HarleyM the Slayer (level 27, 109/187 HPs)
             Began as a Minotaur Berserker on June 11, 2016.
             Was an Elder of Trog.
             Escaped with the Orb
             ... and 3 runes on June 12, 2016!
             The game lasted 09:38:00 (72194 turns).

HarleyM the Slayer (Minotaur Berserker)            Turns: 72194, Time: 09:38:02

Health: 109/187    AC: 52    Str: 23      XL:     27
Magic:  27/29      EV: 19    Int:  5      God:    Trog [****..]
Gold:   6115       SH: 33    Dex: 17 (19) Spells: 0 memorised, 26 levels left

rFire  + + .     SeeInvis .     V - +5 demon whip (elec)
rCold  + + .     Gourm    .     L - +10 gold dragon armour
rNeg   . . .     Faith    .     B - +2 large shield {AC+3}
rPois  +         Spirit   .     (helmet restricted)
rElec  +         Dismiss  .     F - +2 cloak {MR+}
rCorr  .         Reflect  +     Y - +1 pair of gloves {archery}
SustAt .         Harm     .     P - +3 pair of boots "Cequc" {Dex+3}
MR     ++++.                    I - +5 amulet of reflection
Stlth  ..........               r - ring of protection from fire
                                T - ring of Koikha {rElec rC+ MR+ Str+3}

@: incredibly resistant to hostile enchantments, extremely unstealthy
A: retaliatory headbutt, horns 2, molten scales 1, blurry vision 1, clumsy 2,
deterioration 1, frail 3, low mp 1, poison resistance, screaming 1, weak 2,
MP-powered wands
a: Berserk, Trog's Hand, Brothers in Arms, Burn Spellbooks, Renounce Religion
0: Orb of Zot
}: 3/15 runes: decaying, serpentine, silver


You escaped.
You worshipped Trog.
Trog was greatly pleased with you.
You were very full.

You visited 8 branches of the dungeon, and saw 46 of its levels.
You visited the Abyss 1 time.
You also visited: Trove and Ice Cave.

You collected 6909 gold pieces.
You spent 794 gold pieces at shops.

Inventory:

Hand Weapons
 t - the +9 whip of Eternal Vigilance {vamp, rC+}
   (You found it on level 4 of the Realm of Zot)

   It inflicts no extra harm, but heals its wielder somewhat when it strikes a
   living foe.
   It protects you from cold.
 C - a +2 antimagic mace
 K - a +4 demon whip of flaming
 O - a +3 morningstar of protection
 V - a +5 demon whip of electrocution (weapon)
Missiles
 D - 5 poisoned javelins (quivered)
Armour
 B - a +2 large shield of protection (worn)
 F - a +2 cloak of magic resistance (worn)
 L - a +10 gold dragon armour (worn)
 P - the +3 pair of boots "Cequc" (worn) {Dex+3}
   (You found it in an ice cave)

   It affects your dexterity (+3).
 Y - a +1 pair of gloves of archery (worn)
Jewellery
 a - an uncursed ring of sustain attributes
 d - an uncursed amulet of regeneration
 j - the ring "Cecusk" {+Fly MP+9 Int+2 Dex+4}
   (You found it on level 2 of the Depths)

   [ring of intelligence]

   It affects your intelligence (+2).
   It affects your dexterity (+4).
   It affects your magic capacity (+9).
   It lets you fly.
 l - the amulet "Jefenul" {*Drain +Blink +Rage rC+ Str+3}
   (You found it on level 2 of the Depths)

   [amulet of rage]

   It affects your strength (+3).
   It protects you from cold.
   It lets you blink.
   It lets you go berserk.
   It causes draining when unequipped.
 q - the amulet "Igynk" {Spirit +Fly rF+ MP-9}
   (You found it on level 4 of the Depths)

   [amulet of guardian spirit]

   It causes incoming damage to be split between your health and magic.
   It protects you from fire.
   It affects your magic capacity (-9).
   It lets you fly.
 r - a ring of protection from fire (right hand)
 E - an uncursed ring of see invisible
 H - an uncursed ring of positive energy
 I - a +5 amulet of reflection (around neck)
 T - the ring of Koikha (left hand) {rElec rC+ MR+ Str+3}
   (You found it on level 5 of the Vaults)

   [ring of protection from cold]

   It affects your strength (+3).
   It protects you from cold.
   It insulates you from electricity.
   It affects your resistance to hostile enchantments.
Wands
 b - a wand of paralysis (16/24)
 g - a wand of enslavement (11/24)
 u - a wand of lightning (5/15)
 v - a wand of digging (6/24)
 J - a wand of disintegration (15/24)
 R - a wand of teleportation (5/9)
Scrolls
 e - a scroll of blinking
 f - 36 scrolls of remove curse
 h - 3 scrolls of identify
 s - 4 scrolls of fear
 w - 3 scrolls of teleportation
 z - 9 scrolls of magic mapping
 A - 11 scrolls of recharging
 G - a scroll of silence
 Q - 2 scrolls of holy word
 U - a scroll of summoning
Potions
 i - 5 potions of flight
 k - 5 potions of agility
 x - 15 potions of curing
 N - a potion of might
 S - a potion of cancellation
 W - a potion of cure mutation
 Z - 2 potions of invisibility
Miscellaneous
 M - a fan of gales (inert)
 X - a phantom mirror
Comestibles
 c - 5 bread rations
 n - 2 beef jerkies
 o - 4 royal jellies


   Skills:
 + Level 25.7 Fighting
 - Level 13.0 Maces & Flails
 + Level 25.6 Armour
 + Level 24.1 Dodging
 - Level 1.0 Stealth
 - Level 25.2 Shields
 + Level 14.4 Evocations


You had 26 spell levels left.
You didn't know any spells.

Dungeon Overview and Level Annotations

Branches:
Dungeon (15/15)            Temple (0/1) D:4            Lair (6/6) D:9
  Swamp (4/4) Lair:2        Snake (4/4) Lair:4        Slime (0/5) Lair:5
    Orc (2/2) D:9             Elf (0/3) Orc:2        Vaults (5/5) D:14
  Crypt (0/3) Vaults:3     Depths (5/5) D:15            Zot (5/5) Depths:5

Altars:
Ashenzari
Cheibriados
Dithmenos
Fedhas
Hepliaklqana
Nemelex Xobeh
Okawaru
Pakellas
Qazlal
Ru
Sif Muna
Uskayaw
Vehumet
Xom
Yredelemnul
Zin
The Shining One
Jiyva

Shops:
D:10 }   D:12 (   D:14 !   Orc:2 *((%   Vaults:1 }   Depths:2 =?

Portals:
Hell: Depths:1 Depths:2 Depths:3 Depths:4 Depths:5
Abyss: Depths:2 Depths:4
Pandemonium: Depths:3
Ziggurat: Depths:3

Annotations:
Depths:5 1 runed door


Innate Abilities, Weirdness & Mutations

You reflexively headbutt those who attack you in melee.
You have a pair of horns on your head.
You are partially covered in molten scales. (AC +1)
Scrolls take you a little longer to read.
You are very clumsy. (Dex -4)
Your body sometimes deteriorates upon taking damage.
You are extremely frail. (-30% HP)
Your magical capacity is low. (-10% MP)
Your system is resistant to poisons. (rPois)
You occasionally shout uncontrollably at your foes.
You are very weak. (Str -4)
You expend magic power (3 MP) to strengthen your wands.


Message History

You block the Orb Guardian's attack.
An ufetubus comes into view.
You block the Orb Guardian's attack.
The Orb Guardian hits you but does no damage.
You block the Orb Guardian's attack. You block the Orb Guardian's attack.
You block the Orb Guardian's attack. You block the ufetubus's attack. x2
Evoke which item? (* to show all) (? for menu, Esc to quit)
Zapping:
v - a wand of digging (7/24)
Press: ? - help, Shift-Dir - straight line The rock shatters into small pieces.
This wand has 6 charges left.
You block the Orb Guardian's attack. You block the ufetubus's attack.
The ufetubus hits you but does no damage.
The Orb Guardian closely misses you.
A sun demon comes into view.
You block the Orb Guardian's attack.
There is a staircase leading out of the dungeon here.
The Orb Guardian barely misses you. You block the ufetubus's attack. x2
You have escaped!

...#.######......#
...#.#...........#
...#.#...........#
####.#......######
.....#......# ###
.....###########.#
..#..#P#P#P#P#P#.#
..#..............#
(............3..@#
...............5X#
...)##P#P#P#P#P#.#
###.############.#
#.#............#
#.#.#####......#
#.#.#..........#
###.#.####.......#
....#............#


You could see an Orb Guardian, a sun demon and an ufetubus.

Vanquished Creatures
  8 orbs of fire (Zot:5)
  Mara (Snake:4)
  4 juggernauts
  Sojobo (Depths:5)
  3 ancient liches
  2 Killer Klowns (Zot:5)
  Saint Roka (Depths:2)
  A curse toe (Zot:5)
  11 golden dragons
  A bone dragon (Depths:5)
  Jorgrun (Snake:3)
  4 electric golems
  14 tentacled monstrosities
  4 liches
  4 titans
  An Ice Fiend (IceCv)
  22 Orb Guardians
  2 quicksilver dragons
  10 death cobs
  An ancient champion (Depths:2)
  9 sphinxes
  Gastronok (Lair:2)
  4 draconian monks
  Roxanne (Snake:2)
  6 tengu reavers
  16 storm dragons
  7 shadow dragons
  A thorn hunter (Swamp:3)
  6 greater nagas (Snake:4)
  An iron dragon (Depths:5)
  14 vault wardens
  8 frost giants
  A draconian zealot (Zot:5)
  3 draconian knights
  A ghost moth (Zot:3)
  3 deep elf sorcerers
  9 fire giants
  4 draconian scorchers
  A ghoul (Vaults:3)
  4 deep elf elementalists (Vaults:5)
  8 ironheart preservers
  Aizul (Snake:2)
  Louise (D:15)
  3 draconian shifters
  The ghost of SJWn the Octopoid Aeon, a journeyman OpWn of Cheibriados (D:14)
  28 very ugly things
  7 draconian callers
  5 draconian annihilators
  A spriggan defender (Depths:5)
  A war gargoyle (Vaults:5)
  3 vampire knights
  The ghost of HarleyM the Fighter, a journeyman MiBe of Trog (Lair:6)
  22 stone giants
  15 black draconians
  8 white draconians
  7 purple draconians
  4 green draconians
  2 deep elf annihilators
  12 mottled draconians
  5 spark wasps
  6 yellow draconians
  16 ettins
  5 red draconians
  28 fire dragons
  3 jiangshi (Depths:2)
  8 rakshasas
  10 entropy weavers
  17 ice dragons
  2 deep elf high priests
  10 great orbs of eyes
  9 naga warriors
  40 vault guards
  The ghost of Bolverk the Carver, a journeyman DsGl of Uskayaw (Orc:2)
  27 hydras
  17 yaktaur captains
  2 ghost crabs (Swamp:4)
  2 death knights
  An anaconda (Snake:1)
  13 alligators
  17 ogre magi
  A spriggan air mage (Depths:5)
  10 death yaks
  7 spriggan berserkers
  4 centaur warriors
  3 vampire magi (Depths:2)
  14 deep troll shamans
  A catoblepas (Lair:5)
  8 tengu warriors
  15 deep troll earth magi
  8 naga sharpshooters
  5 shock serpents
  12 hell knights
  An orc high priest (Depths:2)
  A storm dragon zombie (Vaults:1)
  5 deep elf knights
  Sonja (Lair:2)
  A titan skeleton (Depths:4)
  44 slime creatures
  Nergalle (Lair:2)
  10 spriggans
  A fire crab (Vaults:4)
  2 fire crabs (shapeshifter)
  4 salamander mystics
  2 shadow wraiths (Vaults:4)
  8 iron trolls
  A storm dragon skeleton (Depths:3)
  An unseen horror (shapeshifter) (Depths:5)
  2 spriggan druids (Swamp:4)
  5 flayed ghosts
  A giant orange brain (shapeshifter) (Vaults:5)
  14 swamp dragons
  3 unseen horrors
  7 hill giants
  14 skeletal warriors
  A lindwurm (shapeshifter) (Vaults:3)
  38 deep trolls
  A swamp dragon (shapeshifter) (Vaults:5)
  4 deep elf archers
  4 naga ritualists (Snake:4)
  A death drake (shapeshifter) (D:14)
  24 ironbrand convokers
  7 necromancers
  2 sphinx zombies
  3 shambling mangroves
  8 giant orange brains
  3 phantasmal warriors
  13 orc knights
  An orb spider (shapeshifter) (Vaults:4)
  5 mana vipers (Snake:4)
  10 harpies (Vaults:4)
  5 wizards
  A fire giant zombie (Vaults:3)
  3 hornets
  17 salamanders
  86 ugly things
  2 griffons
  2 orc sorcerers
  A wolf spider (Vaults:2)
  7 cyclopes
  11 deep elf magi
  A tengu skeleton (Depths:3)
  A hornet (shapeshifter) (Vaults:3)
  17 vault sentinels
  Maurice (D:11)
  28 moths of wrath
  2 sphinx skeletons (Vaults:3)
  6 elephants (Lair:4)
  3 guardian serpents
  4 centaur zombies
  23 black mambas
  2 fire giant skeletons (Vaults:3)
  An ice statue (IceCv)
  A storm dragon simulacrum (Vaults:3)
  A spiny frog (shapeshifter) (Vaults:1)
  A gargoyle (D:13)
  17 naga magi
  30 spiny frogs
  2 efreet
  5 rime drakes
  A komodo dragon (shapeshifter) (Vaults:2)
  7 komodo dragons
  A yaktaur (shapeshifter) (Vaults:2)
  5 anaconda simulacra (IceCv)
  5 kobold demonologists
  A redback zombie (D:15)
  6 ice devils (IceCv)
  8 freezing wraiths
  52 yaktaurs
  4 tengu conjurers
  5 golden dragon simulacra (IceCv)
  A jumping spider (Depths:4)
  A merfolk (shapeshifter) (Depths:3)
  A meliai (shapeshifter) (Vaults:2)
  23 trolls
  2 trolls (shapeshifter)
  A polar bear (shapeshifter) (Vaults:4)
  A two-headed ogre (shapeshifter) (Depths:2)
  8 giant leeches
  6 polar bears
  A raiju (shapeshifter) (Vaults:2)
  26 two-headed ogres
  A sphinx simulacrum (Depths:4)
  A blink frog (shapeshifter) (Vaults:1)
  15 blink frogs
  5 bog bodies
  A stone giant simulacrum (Vaults:1)
  4 boulder beetles
  15 redbacks
  An ettin skeleton (Vaults:3)
  A redback (shapeshifter) (Depths:5)
  Sigmund (D:3)
  4 shadows
  10 water elementals
  3 tarantellas
  4 dire elephant simulacra (IceCv)
  46 yaks
  2 vampires (D:13)
  2 wyverns
  A wyvern (shapeshifter) (D:15)
  Eustachio (D:6)
  A basilisk (shapeshifter) (Depths:2)
  8 wraiths
  A steam dragon (D:13)
  4 human simulacra
  33 vampire mosquitoes
  7 basilisks
  An elf simulacrum (Depths:4)
  4 hungry ghosts
  8 hippogriffs
  Menkaure (D:4)
  An iron troll simulacrum (IceCv)
  8 wargs
  2 harpy simulacra (IceCv)
  2 mottled dragons
  A mottled dragon (shapeshifter) (Vaults:2)
  A soldier ant (shapeshifter) (Vaults:4)
  25 swamp worms
  10 insubstantial wisps
  12 water moccasins
  2 hydra simulacra (IceCv)
  42 nagas
  2 hell hounds (D:9)
  11 porcupines
  2 giant eyeballs (Depths:2)
  A swamp drake (shapeshifter) (D:15)
  A hornet simulacrum (D:13)
  48 orc warriors
  3 sky beasts
  16 swamp drakes
  7 ice beasts
  4 phantoms
  A boggart (Vaults:2)
  8 black bears
  16 wasps
  An eye of draining (D:13)
  An ogre (shapeshifter) (Depths:2)
  20 wolves
  7 centaurs
  A centaur (shapeshifter) (D:15)
  A necrophage (D:10)
  66 ogres
  10 crocodiles
  6 big kobolds
  40 giant frogs
  A wyvern zombie (D:13)
  3 human skeletons
  2 wyvern skeletons (D:14)
  4 scorpions
  9 wights
  3 howler monkeys
  6 electric eels
  14 crimson imps
  The ghost of Gate88 the Firebug, a weakling DEFE (D:3)
  3 draconian simulacra (IceCv)
  A wasp zombie (D:11)
  2 giant frog zombies
  A giant frog skeleton (D:6)
  3 quasits
  2 centaur skeletons
  21 orc priests
  5 hounds
  8 jellies
  Crazy Yiuf (D:3)
  Ijyb (D:2)
  Terence (D:3)
  11 iguanas
  Natasha (thrice) (D:3)
  31 orc wizards
  15 worker ants
  9 sheep
  A spriggan simulacrum (IceCv)
  3 troll simulacra (IceCv)
  3 wolf simulacra (IceCv)
  2 centaur simulacra (IceCv)
  2 hound skeletons
  Robin (D:3)
  A howler monkey zombie (D:10)
  6 gnolls
  3 ogre simulacra (IceCv)
  56 river rats
  17 adders
  3 naga simulacra (IceCv)
  4 shadow imps
  5 white imps (IceCv)
  6 ufetubi (IceCv)
  8 oozes
  An adder zombie (D:6)
  A worm (D:2)
  A dart slug (D:1)
  7 giant geckos
  114 orcs
  5 bats
  4 giant cockroaches
  11 goblins
  8 hobgoblins
  6 jackals (D:8)
  32 kobolds
  9 quokkas
  A giant cockroach zombie (D:5)
  A giant gecko skeleton (D:9)
  12 giant newts
  5 rats
  A briar patch (Swamp:3)
  2 butterflies (D:7)
  A fire vortex (D:13)
  5 fungi
  5 plants
2433 creatures vanquished.

Vanquished Creatures (collateral kills)
  The ghost of beep the Slayer, a veteran FoFi of Okawaru (Depths:3)
  An Orb Guardian (Zot:5)
  A sphinx (Vaults:4)
  A shadow dragon (Depths:5)
  A stone giant (Vaults:4)
  A green draconian (Depths:5)
  A white draconian (Depths:5)
7 creatures vanquished.

Vanquished Creatures (others)
  Vashnia (Snake:2)
  An Orb Guardian (Zot:5)
  A shadow dragon (Depths:5)
  A fire giant (Depths:2)
  A draconian knight (Zot:5)
  2 draconian zealots
  2 stone giants
  Josephine (D:11)
  5 yaktaur captains
  A deep elf high priest (Vaults:5)
  5 centaur warriors
  An ogre mage (Vaults:4)
  A deep troll (Vaults:5)
  A deep elf archer (Vaults:5)
  An ironbrand convoker (Vaults:5)
  2 cyclopes
  A moth of wrath (Zot:5)
  17 yaktaurs
  An ogre (Vaults:1)
  A big kobold (D:14)
  An electric eel (D:14)
  A gnoll (Orc:1)
  An orc (Orc:2)
  A kobold (D:14)
  15 fungi
  41 plants
107 creatures vanquished.

Grand Total: 2547 creatures vanquished

Notes
Turn   | Place    | Note
--------------------------------------------------------------
     0 | D:1      | HarleyM the Minotaur Berserker began the quest for the Orb.
     0 | D:1      | Reached XP level 1. HP: 19/19 MP: 0/0
   295 | D:1      | Reached XP level 2. HP: 22/27 MP: 1/1
   889 | D:2      | Reached ** piety under Trog
   889 | D:2      | Reached XP level 3. HP: 33/33 MP: 2/2
   948 | D:2      | Found a shattered altar of Ashenzari.
  1020 | D:2      | Reached skill level 5 in Maces & Flails
  1165 | D:2      | Noticed Ijyb
  1170 | D:2      | Killed Ijyb
  1170 | D:2      | Reached XP level 4. HP: 40/40 MP: 3/3
  1286 | D:3      | Found a stormy altar of Qazlal.
  1379 | D:3      | Noticed Natasha
  1388 | D:3      | Killed Natasha
  1462 | D:3      | Noticed Sigmund
  1476 | D:3      | Killed Sigmund
  1476 | D:3      | Reached skill level 1 in Stealth
  1476 | D:3      | Reached XP level 5. HP: 46/46 MP: 4/4
  1476 | D:3      | Reached XP level 6. HP: 52/52 MP: 5/5
  1560 | D:3      | Noticed Gate88's ghost (weakling DEFE)
  1572 | D:3      | Killed Gate88's ghost
  1632 | D:3      | Found a faded altar of an unknown god.
  1782 | D:3      | Noticed Natasha
  1783 | D:3      | Noticed Robin
  1792 | D:3      | Killed Natasha
  1795 | D:3      | Reached *** piety under Trog
  1801 | D:3      | Killed Robin
  1869 | D:3      | Found an oddly glowing altar of Pakellas.
  1893 | D:3      | Noticed Terence
  1909 | D:3      | Killed Terence
  1957 | D:3      | Noticed Natasha
  1965 | D:3      | Killed Natasha
  2087 | D:3      | Reached XP level 7. HP: 59/59 MP: 6/6
  2218 | D:3      | Noticed Crazy Yiuf
  2224 | D:3      | Killed Crazy Yiuf
  2362 | D:4      | Noticed Menkaure
  2370 | D:4      | Killed Menkaure
  2370 | D:4      | Reached skill level 10 in Maces & Flails
  2577 | D:4      | Reached **** piety under Trog
  2600 | D:4      | Found a staircase to the Ecumenical Temple.
  2947 | D:5      | Entered Level 5 of the Dungeon
  2953 | D:5      | Found a hide-covered altar of Uskayaw.
  2987 | D:5      | Reached XP level 8. HP: 66/66 MP: 7/7
  3079 | D:5      | Got an ichor-stained hand axe
  3080 | D:5      | Identified the +9 hand axe of the Egg {pain, rN+} (You found it on level 5 of the Dungeon)
  3132 | D:5      | Found a glowing silver altar of Zin.
  3338 | D:5      | Got a translucent chain mail
  3349 | D:5      | Identified the +1 chain mail of Complete Protection {rC+ MR+ Int-2} (You found it on level 5 of the Dungeon)
  3855 | D:6      | Noticed Eustachio
  3872 | D:6      | Killed Eustachio
  3872 | D:6      | Reached skill level 1 in Shields
  4037 | D:6      | Reached XP level 9. HP: 72/72 MP: 8/8
  4044 | D:6      | Reached skill level 5 in Fighting
  4253 | D:6      | Found an iron altar of Okawaru.
  4253 | D:6      | Found a deep blue altar of Sif Muna.
  4257 | D:6      | Found a basalt altar of Yredelemnul.
  4373 | D:6      | Found a snail-covered altar of Cheibriados.
  4374 | D:6      | Found a glowing golden altar of the Shining One.
  4374 | D:6      | Found a hazy altar of Hepliaklqana.
  4374 | D:6      | Found a blossoming altar of Fedhas.
  4389 | D:6      | Found a radiant altar of Vehumet.
  4391 | D:6      | Found a shadowy altar of Dithmenos.
  4775 | D:7      | Reached ***** piety under Trog
  4789 | D:7      | Reached skill level 5 in Armour
  4925 | D:7      | Found a shimmering altar of Xom.
  4938 | D:7      | Found a huge runed gate.
  4938 | D:7      | Found a huge runed gate.
  4938 | D:7      | Found a huge runed gate.
  4940 | D:7      | Noticed a polar bear
  4941 | D:7      | Noticed a polar bear
  4942 | D:7      | Noticed a polar bear
  4942 | D:7      | Found a huge runed gate.
  4942 | D:7      | Noticed a polar bear
  4942 | D:7      | Noticed a polar bear
  5008 | D:7      | Lost intelligence.
  5568 | D:7      | Got a steaming falchion
  5569 | D:7      | Identified the +5 falchion "Heor" {speed, rF+++ Str-4 Int+4 Dex+2} (You found it on level 7 of the Dungeon)
  5608 | D:8      | Reached skill level 5 in Dodging
  5638 | D:8      | Reached skill level 5 in Shields
  5689 | D:8      | Reached XP level 10. HP: 86/86 MP: 9/9
  5991 | D:8      | Found a sacrificial altar of Ru.
  6164 | D:9      | Received a gift from Trog
  6598 | D:9      | Found a staircase to the Orcish Mines.
  7055 | D:9      | Found a staircase to the Lair.
  7075 | D:9      | Noticed a hill giant
  7082 | D:9      | Killed a hill giant
  7266 | D:10     | Entered Level 10 of the Dungeon
  7272 | D:10     | Reached ****** piety under Trog
  7274 | D:10     | Received a gift from Trog
  7274 | D:10     | Reached XP level 11. HP: 97/97 MP: 10/10
  7364 | Lair:1   | Entered Level 1 of the Lair of Beasts
  7690 | Lair:2   | Noticed Gastronok
  7706 | Lair:2   | Killed Gastronok
  7817 | Lair:2   | Noticed Nergalle
  7855 | Lair:2   | Noticed a spectral orc warlord
  7866 | Lair:2   | Killed Nergalle
  7968 | Lair:2   | Noticed an eight-headed hydra
  7978 | Lair:2   | Killed an eight-headed hydra
  7978 | Lair:2   | Reached skill level 10 in Fighting
  8183 | Lair:2   | Found a staircase to the Swamp.
  8565 | Lair:2   | Noticed Sonja
  9197 | Lair:1   | Received a gift from Trog
  9361 | Lair:1   | Reached skill level 10 in Armour
  9785 | Lair:2   | Killed Sonja
  9785 | Lair:2   | Reached XP level 12. HP: 108/108 MP: 11/11
 10085 | Lair:3   | Got a scorched hunting sling
 10086 | Lair:3   | Identified the +9 hunting sling of Frustration {venom, rC+++ Int+4 Stlth-} (You found it on level 3 of the Lair of Beasts)
 10343 | Lair:3   | Reached skill level 10 in Shields
 11137 | Lair:4   | Found a staircase to the Snake Pit.
 11333 | Lair:4   | Received a gift from Trog
 11374 | Lair:4   | Noticed an eight-headed hydra
 11387 | Lair:4   | Received a gift from Trog
 11397 | Lair:4   | Killed an eight-headed hydra
 11397 | Lair:4   | Reached skill level 10 in Dodging
 12409 | Lair:5   | Noticed an eight-headed hydra
 12427 | Lair:5   | Killed an eight-headed hydra
 12553 | Lair:5   | Reached XP level 13. HP: 118/118 MP: 12/12
 12679 | Lair:5   | Found a sparkling altar of Nemelex Xobeh.
 12729 | Lair:5   | Found a runed door.
 12729 | Lair:5   | Found a viscous altar of Jiyva.
 12738 | Lair:5   | Found a staircase to the Slime Pits.
 13598 | Lair:6   | Entered Level 6 of the Lair of Beasts
 13630 | Lair:6   | Received a gift from Trog
 14526 | Lair:6   | Noticed HarleyM's ghost (journeyman MiBe)
 14872 | Lair:6   | Reached XP level 14. HP: 125/129 MP: 13/13
 15194 | Lair:6   | Received a gift from Trog
 15484 | Lair:6   | Killed HarleyM's ghost
 16454 | Orc:1    | Entered Level 1 of the Orcish Mines
 16948 | Orc:2    | Entered Level 2 of the Orcish Mines
 17422 | Orc:2    | Noticed Bolverk's ghost (journeyman DsGl)
 17523 | Orc:2    | Received a gift from Trog
 17551 | Orc:2    | Found a staircase to the Elven Halls.
 17699 | Orc:2    | Found Dasihy's Antique Weapon Shoppe.
 17700 | Orc:2    | Found Gurokhleu's Food Shoppe.
 17727 | Orc:2    | Found Juhilurr's General Store.
 17732 | Orc:2    | Found Gebuh's Weapon Emporium.
 18027 | Orc:2    | Killed Bolverk's ghost
 18135 | Orc:2    | Received a gift from Trog
 18138 | Orc:2    | Got a warped flail {god gift}
 18961 | Orc:2    | Identified the +4 flail of the Badger {venom, *Drain rF++ MR+} (Trog gifted it to you on level 2 of the Orcish Mines)
 19673 | D:10     | Found Yzefopn's Gadget Shoppe.
 19805 | D:10     | Reached XP level 15. HP: 136/139 MP: 14/14
 20217 | D:11     | Received a gift from Trog
 20296 | D:11     | Noticed Maurice
 20330 | D:11     | Noticed Josephine
 20345 | D:11     | Killed Josephine
 20393 | D:11     | Killed Maurice
 21634 | D:12     | Found Jemifriq's Antique Weapon Shop.
 21743 | D:12     | Reached skill level 15 in Fighting
 22318 | D:12     | Received a gift from Trog
 22318 | D:12     | Reached skill level 15 in Armour
 22706 | D:13     | Noticed a tengu reaver
 22706 | D:13     | Noticed a fire giant
 22874 | D:13     | Found a runed gate.
 22874 | D:13     | Found a runed gate.
 22874 | D:13     | Found a runed gate.
 22941 | D:13     | Found a runed gate.
 22941 | D:13     | Found a runed gate.
 22941 | D:13     | Found a runed gate.
 23286 | D:13     | Killed a fire giant
 23567 | D:13     | Reached skill level 15 in Shields
 23746 | D:13     | Found a portal to a secret trove of treasure.
 23943 | D:13     | Killed a tengu reaver
 24510 | D:14     | Found Moang's Distillery.
 24533 | D:14     | Bought a potion of degeneration for 19 gold pieces
 24646 | D:14     | Noticed SJWn's ghost (journeyman OpWn)
 24668 | D:14     | Killed SJWn's ghost
 24886 | D:14     | Received a gift from Trog
 25175 | D:14     | Received a gift from Trog
 25453 | D:14     | Reached XP level 16. HP: 148/148 MP: 15/15
 25465 | D:14     | Found a gate to the Vaults.
 25638 | D:15     | Entered Level 15 of the Dungeon
 25876 | D:15     | Noticed Louise
 25896 | D:15     | Killed Louise
 26304 | D:15     | Reached skill level 15 in Dodging
 26466 | D:15     | Found a staircase to the Depths.
 27053 | Swamp:1  | Entered Level 1 of the Swamp
 27426 | Swamp:1  | Received a gift from Trog
 27447 | Swamp:1  | Got a faintly glowing mace {god gift}
 27478 | Swamp:1  | Identified the +4 mace "Ruzxe" {freeze, Int+4} (Trog gifted it to you on level 1 of the Swamp)
 28440 | Swamp:2  | Got a warped trident
 28444 | Swamp:2  | Identified the cursed +0 trident of Veuhigeb {drain, *Noise rPois Int+6} (You found it on level 2 of the Swamp)
 28921 | Swamp:3  | Noticed a thorn hunter
 28933 | Swamp:3  | Killed a thorn hunter
 29181 | Swamp:3  | Got an iridescent halberd
 29192 | Swamp:3  | Identified the +8 halberd "Ewumibil" {freeze, *Corrode rElec MR+ Stlth+} (You found it on level 3 of the Swamp)
 29562 | Swamp:4  | Entered Level 4 of the Swamp
 29734 | Swamp:4  | Received a gift from Trog
 30011 | Swamp:4  | Reached XP level 17. HP: 157/157 MP: 16/16
 30926 | Swamp:4  | Got a decaying rune of Zot
 31427 | Snake:1  | Entered Level 1 of the Snake Pit
 32158 | Snake:1  | Received a gift from Trog
 32512 | Snake:2  | Found a frozen archway.
 32521 | IceCv    | Entered an ice cave
 33143 | IceCv    | Noticed an Ice Fiend
 33346 | IceCv    | Killed an Ice Fiend
 33443 | IceCv    | Got a pair of scorched boots
 33471 | IceCv    | Identified the +3 pair of boots "Cequc" {Dex+3} (You found it in an ice cave)
 33776 | Snake:2  | Found an oddly glowing altar of Pakellas.
 33800 | Snake:2  | Noticed Roxanne
 33856 | Snake:2  | Noticed Aizul
 33882 | Snake:2  | Killed Aizul
 34253 | Snake:2  | Noticed Vashnia
 34480 | Snake:2  | Killed Roxanne
 34482 | Snake:2  | Identified Roxanne's Guide on the Mountains (You took it off Roxanne on level 2 of the Snake Pit)
 34487 | Snake:2  | Received a gift from Trog
 34732 | Snake:2  | Killed Vashnia
 35099 | Snake:3  | Reached XP level 18. HP: 169/169 MP: 17/17
 35115 | Snake:3  | Noticed Jorgrun
 35131 | Snake:3  | Killed Jorgrun
 35631 | Snake:4  | Entered Level 4 of the Snake Pit
 35698 | Snake:4  | Identified a scroll of acquirement
 35943 | Snake:4  | Received a gift from Trog
 36723 | Snake:4  | Noticed Mara
 36745 | Snake:4  | Noticed HarleyM's illusion
 37094 | Snake:4  | Killed Mara
 37212 | Snake:4  | Received a gift from Trog
 37263 | Snake:4  | Got a serpentine rune of Zot
 37717 | D:13     | You paid a toll of a wand of heal wounds (9) to enter a treasure trove
 37718 | Trove    | Entered a treasure trove
 37740 | Trove    | Got an encrusted morningstar
 37746 | Trove    | Got a clouded pewter ring
 37790 | Trove    | Identified the cursed +1 morningstar "Bakaypn" {pain, *Noise Fragile rC+++ MR+++} (You found it in a treasure trove)
 37792 | Trove    | Identified the ring "Veecs" {*Confuse rN++ MR+ Str+2} (You found it in a treasure trove)
 38401 | Depths:1 | Entered Level 1 of the Depths
 39241 | Depths:1 | Reached XP level 19. HP: 164/179 MP: 18/18
 39275 | Depths:1 | Found a gateway to Hell.
 39323 | Depths:1 | Received a gift from Trog
 39473 | Depths:1 | Found a runed door.
 39482 | Depths:1 | Noticed a lich
 39495 | Depths:1 | Killed a lich
 39519 | Depths:1 | Got a polished ring mail
 39532 | Depths:1 | Identified the +3 ring mail of Generosity {*Corrode rElec rF+ Int+4} (You found it on level 1 of the Depths)
 39874 | Depths:1 | Cast into level 4 of the Abyss (a Zot trap)
 39886 | Depths:1 | Escaped the Abyss
 40487 | Depths:2 | Paralysed by a great orb of eyes for 2 turns
 40655 | Depths:2 | Found Kuchex's Magic Scroll Boutique.
 40688 | Depths:2 | Bought a scroll of enchant weapon for 150 gold pieces
 40688 | Depths:2 | Bought a scroll of enchant armour for 150 gold pieces
 40766 | Depths:2 | Got a flickering marble ring
 40768 | Depths:2 | Identified the ring "Cecusk" {+Fly MP+9 Int+2 Dex+4} (You found it on level 2 of the Depths)
 41045 | Depths:2 | Received a gift from Trog
 41132 | Depths:2 | Noticed a juggernaut
 41147 | Depths:2 | Killed a juggernaut
 41189 | Depths:2 | Noticed Saint Roka
 41473 | Depths:2 | Killed Saint Roka
 41935 | Depths:2 | Reached XP level 20. HP: 190/190 MP: 19/19
 41990 | Depths:2 | Found Egic's Jewellery Shop.
 42008 | Depths:2 | Bought a +5 amulet of reflection for 475 gold pieces
 42152 | Depths:2 | Got a sparkling granite ring
 42155 | Depths:2 | Identified the ring "Girook" {Str+4 Slay+2} (You found it on level 2 of the Depths)
 42297 | Depths:2 | Found a one-way gate to the infinite horrors of the Abyss.
 42446 | Depths:2 | Got a steaming silver ring
 42454 | Depths:2 | Identified the ring of Gidixic {*Tele rC+} (You found it on level 2 of the Depths)
 42643 | Depths:2 | Got a flickering steel amulet
 42646 | Depths:2 | Identified the amulet "Jefenul" {*Drain +Blink +Rage rC+ Str+3} (You found it on level 2 of the Depths)
 42760 | Depths:3 | Found a one-way gate leading to the halls of Pandemonium.
 42876 | Depths:3 | Found a gateway to a ziggurat.
 42980 | Depths:3 | Received a gift from Trog
 43122 | Depths:3 | Noticed beep's ghost (veteran FoFi)
 43769 | Depths:3 | Lost intelligence.
 44580 | Depths:3 | Killed beep's ghost
 44964 | Depths:3 | Received a gift from Trog
 45562 | Depths:4 | Reached skill level 1 in Evocations
 45562 | Depths:4 | Reached XP level 21. HP: 195/200 MP: 20/20
 45597 | Depths:4 | Gained mutation: You have a pair of large horns on your head. [potion of beneficial mutation]
 45600 | Depths:4 | Gained mutation: You possess an exceptional clarity of mind. [potion of beneficial mutation]
 45652 | Depths:3 | Got an encrusted quarterstaff
 45658 | Depths:3 | Identified the +6 quarterstaff of Joyful Slaughter {antimagic, Int+6} (You found it on level 3 of the Depths)
 45703 | Depths:4 | Noticed a juggernaut
 45703 | Depths:4 | Noticed a juggernaut
 46025 | Depths:4 | Killed a juggernaut
 46126 | Depths:4 | Noticed a golden dragon
 46144 | Depths:4 | Killed a golden dragon
 46154 | Depths:4 | Noticed a juggernaut
 46172 | Depths:4 | Killed a juggernaut
 46392 | Depths:4 | Received a gift from Trog
 46548 | Depths:4 | Got a glittering silver amulet
 46551 | Depths:4 | Identified the amulet "Peaj" {Harm *Drain rN+ Str+2} (You found it on level 4 of the Depths)
 46620 | Depths:4 | Noticed a golden dragon
 46649 | Depths:4 | Killed a golden dragon
 47366 | Depths:4 | Got a brightly glowing platinum amulet
 47368 | Depths:4 | Identified the amulet "Igynk" {Spirit +Fly rF+ MP-9} (You found it on level 4 of the Depths)
 47469 | Depths:5 | Entered Level 5 of the Depths
 47982 | Depths:5 | Noticed Sojobo
 48063 | Depths:5 | Killed Sojobo
 48346 | Depths:5 | Received a gift from Trog
 48346 | Depths:5 | Reached skill level 5 in Evocations
 48664 | Depths:5 | Noticed a golden dragon
 49110 | Depths:5 | Reached XP level 22. HP: 152/213 MP: 25/25
 49609 | Depths:5 | Lost intelligence.
 50356 | Depths:5 | Killed a golden dragon
 50729 | Depths:5 | Found a runed door.
 50746 | Depths:5 | Found a runed door.
 50746 | Depths:5 | Found a runed door.
 50754 | Depths:5 | Found a runed door.
 50874 | Depths:5 | Found a runed door.
 50926 | Depths:5 | Found a runed door.
 51096 | Depths:5 | Found a gate to the Realm of Zot.
 51294 | Depths:5 | Received a gift from Trog
 51848 | Vaults:1 | Entered Level 1 of the Vaults
 51881 | Vaults:1 | Found Zeha Coy's Gadget Shop.
 52306 | Vaults:1 | Gained mutation: You are partially covered in molten scales. (AC +1) [potion of beneficial mutation]
 52307 | Vaults:1 | Gained mutation: You have an increased reservoir of magic. (+10% MP) [potion of beneficial mutation]
 52860 | Vaults:1 | Received a gift from Trog
 52922 | Vaults:1 | Got a warped chain mail
 52924 | Vaults:1 | Identified the +1 chain mail of the Snake Pit {*Drain Regen+ Int+4} (You found it on level 1 of the Vaults)
 53345 | Vaults:1 | Got a dazzling hand axe
 53347 | Vaults:1 | Identified the +9 hand axe of Darkness {freeze, MR+} (You found it on level 1 of the Vaults)
 53763 | Vaults:2 | Got an encrusted spear
 53764 | Vaults:2 | Identified the +11 spear "Unuhij" {freeze, rPois Stlth+} (You found it on level 2 of the Vaults)
 53939 | Vaults:2 | Received a gift from Trog
 53939 | Vaults:2 | Reached XP level 23. HP: 213/224 MP: 30/30
 55662 | Vaults:3 | Found a staircase to the Crypt.
 55862 | Vaults:3 | Received a gift from Trog
 56506 | Vaults:4 | Got a fine leather armour
 56507 | Vaults:4 | Identified the +2 leather armour of Fompy {Int+3} (You found it on level 4 of the Vaults)
 56562 | Vaults:4 | Paralysed by a sphinx for 7 turns
 56573 | Vaults:4 | Received a gift from Trog
 57865 | Vaults:4 | Received a gift from Trog
 57952 | Vaults:4 | Got a smoking robe
 57953 | Vaults:4 | Identified the +1 robe of Makhleb's Regard {Regen+ Int+7} (You found it on level 4 of the Vaults)
 58042 | Vaults:4 | Paralysed by a great orb of eyes for 6 turns
 58285 | Vaults:5 | Entered Level 5 of the Vaults
 58421 | Vaults:5 | Reached XP level 24. HP: 235/235 MP: 32/32
 58477 | Vaults:5 | Noticed an ancient lich
 58518 | Vaults:5 | Killed an ancient lich
 58518 | Vaults:5 | Reached skill level 10 in Evocations
 58608 | Vaults:5 | Received a gift from Trog
 58829 | Vaults:5 | Got a silver rune of Zot
 58846 | Vaults:5 | Got a sparkling lead ring
 58847 | Vaults:5 | Identified the ring of Koikha {rElec rC+ MR+ Str+3} (You found it on level 5 of the Vaults)
 59639 | Vaults:5 | Received a gift from Trog
 59696 | Vaults:5 | Got a dazzling triple sword {slice}
 59697 | Vaults:5 | Identified the +6 triple sword "Jyuwketi" {slice, Str+4 Dex+5} (You took it off an ironbrand convoker on level 5 of the Vaults)
 60983 | Depths:2 | Received a gift from Trog
 61091 | Depths:5 | Noticed a juggernaut
 61119 | Depths:5 | Killed a juggernaut
 61352 | Zot:1    | Entered Level 1 of the Realm of Zot
 61393 | Zot:1    | Reached XP level 25. HP: 232/245 MP: 33/33
 61764 | Zot:1    | Noticed an orb of fire
 61788 | Zot:1    | Gained mutation: Your body sometimes deteriorates upon taking damage. [an orb of fire]
 61815 | Zot:1    | Gained mutation: You expend magic power (3 MP) to strengthen your wands. [an orb of fire]
 61837 | Zot:1    | Gained mutation: You are weak. (Str -2) [an orb of fire]
 61840 | Zot:1    | Lost mutation: You are weak. (Str -2) [an orb of fire]
 62287 | Zot:1    | Gained mutation: Armour fits poorly on your strangely shaped body. [an orb of fire]
 62298 | Zot:1    | Gained mutation: You are occasionally teleported next to monsters. [an orb of fire]
 62307 | Zot:1    | Gained mutation: Potions and wands are less effective at restoring your health. [an orb of fire]
 62317 | Depths:5 | Gained mutation: You are dopey. (Int -2) [an orb of fire]
 63331 | Zot:2    | Lost mutation: You are occasionally teleported next to monsters. [potion of cure mutation]
 63331 | Zot:2    | Lost mutation: You expend magic power (3 MP) to strengthen your wands. [potion of cure mutation]
 63331 | Zot:2    | Lost mutation: You have a pair of large horns on your head. [potion of cure mutation]
 63331 | Zot:2    | Lost mutation: You possess an exceptional clarity of mind. [potion of cure mutation]
 63436 | Zot:2    | Lost mutation: Your body sometimes deteriorates upon taking damage. [potion of cure mutation]
 63436 | Zot:2    | Lost mutation: Armour fits poorly on your strangely shaped body. [potion of cure mutation]
 63436 | Zot:2    | Lost mutation: You have an increased reservoir of magic. (+10% MP) [potion of cure mutation]
 63436 | Zot:2    | Lost mutation: You are dopey. (Int -2) [potion of cure mutation]
 63436 | Zot:2    | Lost mutation: Potions and wands are less effective at restoring your health. [potion of cure mutation]
 63693 | Zot:2    | Got a dazzling quarterstaff {crush}
 63695 | Zot:2    | Identified the +8 quarterstaff of Isseq {crush, Int+2} (You took it off a draconian annihilator on level 2 of the Realm of Zot)
 64041 | Zot:2    | Received a gift from Trog
 65939 | Zot:4    | Noticed an orb of fire
 66510 | Zot:4    | Got an ichor-stained whip
 66511 | Zot:4    | Identified the +9 whip of Eternal Vigilance {vamp, rC+} (You found it on level 4 of the Realm of Zot)
 66558 | Zot:4    | Gained mutation: You are frail. (-10% HP) [an orb of fire]
 66562 | Zot:4    | Gained mutation: Your body sometimes deteriorates upon taking damage. [an orb of fire]
 66689 | Zot:4    | Gained mutation: Your system is resistant to poisons. (rPois) [an orb of fire]
 66693 | Zot:4    | Gained mutation: You are clumsy. (Dex -2) [an orb of fire]
 67288 | Zot:5    | Entered Level 5 of the Realm of Zot
 68044 | Zot:4    | Reached XP level 26. HP: 230/230 MP: 31/31
 68863 | Zot:5    | Noticed an orb of fire
 68877 | Zot:5    | Gained mutation: Your body often deteriorates upon taking damage. [an orb of fire]
 68888 | Zot:5    | Gained mutation: Scrolls take you a little longer to read. [an orb of fire]
 68913 | Zot:5    | Killed an orb of fire
 69346 | Zot:5    | Noticed an orb of fire
 69352 | Zot:5    | Gained mutation: You occasionally shout uncontrollably at your foes. [an orb of fire]
 69353 | Zot:5    | Gained mutation: You expend magic power (3 MP) to strengthen your wands. [an orb of fire]
 69380 | Zot:5    | Killed an orb of fire
 69590 | Zot:5    | Noticed an ancient lich
 69634 | Zot:5    | Killed an ancient lich
 69681 | Zot:5    | Noticed an ancient lich
 69719 | Zot:5    | Killed an ancient lich
 70096 | Zot:5    | Noticed an orb of fire
 70105 | Zot:5    | Gained mutation: You are weak. (Str -2) [an orb of fire]
 70107 | Zot:5    | Gained mutation: Your magical capacity is low. (-10% MP) [an orb of fire]
 70117 | Zot:5    | Killed an orb of fire
 70217 | Zot:5    | Noticed an orb of fire
 70221 | Zot:5    | Noticed an orb of fire
 70234 | Zot:5    | Lost mutation: Your body often deteriorates upon taking damage. [an orb of fire]
 70238 | Zot:5    | Killed an orb of fire
 70248 | Zot:5    | Gained mutation: You are dopey. (Int -2) [an orb of fire]
 70267 | Zot:5    | Killed an orb of fire
 70580 | Zot:5    | Noticed an orb of fire
 70586 | Zot:5    | Gained mutation: You are very frail. (-20% HP) [an orb of fire]
 70612 | Zot:5    | Killed an orb of fire
 70634 | Zot:5    | Noticed an orb of fire
 70636 | Zot:5    | Gained mutation: You are very clumsy. (Dex -4) [an orb of fire]
 70649 | Zot:5    | Lost mutation: You are dopey. (Int -2) [an orb of fire]
 70657 | Zot:5    | Gained mutation: You are extremely frail. (-30% HP) [an orb of fire]
 70678 | Zot:5    | Killed an orb of fire
 70678 | Zot:5    | Reached XP level 27. HP: 122/186 MP: 29/29
 70709 | Zot:5    | Noticed an orb of fire
 70709 | Zot:5    | Noticed an orb of fire
 70710 | Zot:5    | Gained mutation: You are very weak. (Str -4) [an orb of fire]
 70713 | Zot:5    | Noticed an orb of fire
 71382 | Zot:5    | Killed an orb of fire
 71586 | Zot:5    | Got the Orb of Zot
 71803 | Depths:4 | Noticed Noutips the pandemonium lord
 72194 | D:$      | Escaped with the Orb!

Vault maps used:
D:1:      minmay_arrival_plants_in_alcoves, amethyst_killhole,
          minmay_statues_item, st_stairs_12, minmay_lizard_king
D:2:      evilmike_ruin_ashenzari, uniq_iyjb
D:3:      grunt_pakellas_mercury, ecumenical_altar_1,
          nicolae_qazlal_general_emergency, uniq_terence, uniq_sigmund,
          uniq_crazy_yiuf_cottage, uniq_natasha, uniq_robin
D:4:      minmay_temple_entry_statues_pillars, first_bread, uniq_menkaure
D:5:      lemuel_crystal_altar, lemuel_round_altar, serial_column_ruins,
          column_ruins_grid_3, column_ruins_open_medium,
          column_ruins_columns_corner, column_ruins_open_tiny,
          column_ruins_columns_corner
D:6:      minitemple, minmay_overflow_temple_hex, uniq_eustachio
D:7:      lemuel_bear_cage, xom_butterflies, st_stairs_12
D:8:      nicolae_ru_the_path_less_chosen
D:9:      minmay_lair_entry_lava, hiddenorc2_lemuel, serial_co_window_serial,
          co_window_paths_b, co_window_of_opportunity_a, co_window_paths_a,
          co_window_of_opportunity_a, co_window_corner_a, co_window_paths_b,
          co_window_paths_b, co_window_broadway_b, co_window_2corner,
          co_window_2corner, glass_columns_a, glass_columns_a, glass_columns_c
D:10:     serial_shops, nicolae_shop_crystal
D:11:     uniq_maurice, uniq_josephine
D:12:     serial_shops, nicolae_shop_behind_doors,
          hangedman_little_slice_of_home
D:13:     kennysheep_treasure_stockpile, trove_entry_hex_spiral
D:14:     david_vaults_4, kennysheep_cross_room, kennysheep_small_square
D:15:     gammafunk_enter_depths_forms, serial_shops, shop, uniq_louise
Lair:1:   lemuel_fruit_tree
Lair:2:   nicolae_swamp_entry_splash_gauntlet, uniq_gastronok, uniq_nergalle,
          uniq_sonja
Lair:3:   pond, serial_bayou_shore_b, grunt_megastairs_1
Lair:4:   statuecave_lemuel, minmay_snake_entry_guardpost_medium
Lair:5:   slime_altar_2, basic_altar
Lair:6:   minmay_lair_end_frog_pond, kennysheep_basilisk_garden
Swamp:1:  evilmike_swamp_ruin_house_2, swamp_pool1, infiniplex_staircase_pool
Swamp:2:  serial_swamp_ruin, evilmike_swamp_ruin_house_3,
          evilmike_swamp_ruin_house_4, evilmike_swamp_ruin_rubble_1
Swamp:3:  hangedman_swamp_pad
Swamp:4:  swamp, swamp_pool3, hangedman_swamp_diagram
Snake:2:  basic_altar, portal_ice_cave_entry_pillars_2, uniq_roxanne,
          uniq_aizul, uniq_vashnia
Snake:3:  cheibrodos_snake_lava_hold, statue_in_the_mist_lemuel, uniq_jorgrun
Snake:4:  minmay_snake_end_coiled, uniq_mara
Orc:2:    st_orc_open, enter_volcano_4
Vaults:1: v_misc_13, nicolae_vaults_asterisk, vaults_room_guarded_vault,
          vaults_mumra_lcd, grunt_vaults_trifunnel, v_misc_2,
          hangedman_vaults_capsules, v_misc_4, hangedman_vaults_impose,
          nicolae_vaults_what_the_h, hangedman_vaults_cutoff,
          vaults_room_semicircle, serial_shops, nicolae_shop_crystal
Vaults:2: nicolae_vaults_minivaults, hangedman_vaults_impose,
          vaults_standard_mumra_enter_the_diamond,
          hangedman_vaults_stretched_pinwheel, vaults_room_corners,
          hangedman_vaults_slice, ontoclasm_vaults_loading_screen,
          ontoclasm_vaults_decontamination, hangedman_vaults_maws,
          nicolae_vaults_asterisk, nicolae_vaults_little_squares_3,
          ontoclasm_vaults_loading_screen
Vaults:3: v_alt_pattern_3, vaults_standard_mumra_x,
          nicolae_vaults_little_squares_2, minmay_crypt_entry_simple_walls,
          ontoclasm_vaults_chip, nicolae_vaults_alarming,
          ontoclasm_vaults_hangar, vaults_standard_mumra_enter_the_diamond,
          v_misc_27
Vaults:4: v_rooms_5, nicolae_vaults_mini_display_case, v_rooms_6,
          vaults_mumra_chevron, nicolae_vaults_murderbox, v_misc_9,
          v_alt_pattern_6, vaults_room_hallway, hangedman_vaults_restitches,
          nicolae_vaults_circle_grid_b, nicolae_vaults_little_ls,
          nicolae_vaults_shelves_hall, vaults_dpeg_ring, uniq_saint_roka
Vaults:5: uniq_mennas
Depths:1: hell_entry, serial_sigils_hangedman_writhe, wad_hexagon,
          kennysheep_random_hallway
Depths:2: hangedman_spin_cycle, hell_entry, abyss_entry
Depths:3: cheibrodos_birdhouse, enter_ziggurat_e, grunt_decor_one_mirror,
          hell_entry, pan_entry, infiniplex_staircase_zigzag_4, firewood_loft
Depths:4: kennysheep_big_flooded_room, pf_hell_entry_great_geh, abyss_entry,
          kennysheep_donut, minmay_multi_spiral
Depths:5: evilmike_zot_entry_castle, hell_entry, minmay_misc_feat_more_columns,
          uniq_sojobo
Zot:1:    st_stairs_12
Zot:2:    kennysheep_room_grid
Zot:5:    basic_stair_grate_trap
Abyss:4:  evilmike_nicolae_abyss_rune_containment_curve,
          hangedman_abyss_or_decor_passed
Trove:    trove_simple
IceCv:    ice_cave_caverns_01

Skill      XL: |  1  2  3  4  5  6  7  8  9 10 11 12 13 14 15 16 17 18 19 20 21 22 23 24 25 26 27 |
---------------+----------------------------------------------------------------------------------+-----
Fighting       | 4 7 9 10 12 13 14 15 16 18 19 20 21 22 23 24 25 | 25.7
Maces & Flails | 4 5 7 9 11 13 | 13.0
Stealth        | 1 |  1.0
Shields        | 1 5 7 9 11 12 14 15 16 17 18 19 20 21 22 23 24 25 | 25.2
Armour         | 3 6 8 10 11 13 14 15 16 18 19 20 21 22 23 24 25 | 25.6
Dodging        | 5 7 9 10 12 13 14 15 16 17 18 19 20 21 22 23 24 | 24.1
Evocations     | 1 5 7 9 11 12 14 | 14.4

Action                   |  1- 3 |  4- 6 |  7- 9 | 10-12 | 13-15 | 16-18 | 19-21 | 22-24 | 25-27 || total
-------------------------+-------+-------+-------+-------+-------+-------+-------+-------+-------++-------
Melee: Mace              |    69 |   112 |    71 |       |       |       |     6 |       |    98 ||   356
       Headbutt          |    12 |    24 |    53 |   181 |   439 |   662 |   717 |   935 |   695 ||  3718
       Hand axe          |       |       |   223 |   684 |   824 |       |       |       |       ||  1731
       Morningstar       |       |       |       |    81 |       |       |       |       |       ||    81
       Quarterstaff      |       |       |       |    17 |    15 |       |       |       |       ||    32
       Flail             |       |       |       |       |    24 |       |       |       |       ||    24
       Demon whip        |       |       |       |       |   753 |  2059 |  1940 |  2478 |  1697 ||  8927
Throw: Tomahawk          |       |       |     3 |     3 |     3 |       |       |       |       ||     9
       Javelin           |       |       |       |       |       |     1 |     6 |    14 |       ||    21
Invok: Berserk           |     2 |     5 |     6 |    16 |    35 |    26 |    25 |     4 |     2 ||   121
       Burn Spellbooks   |       |       |     3 |       |     2 |     6 |     3 |     5 |       ||    19
       Trog's Hand       |       |       |       |       |       |     2 |     5 |     8 |    16 ||    31
       Brothers in Arms  |       |       |       |       |       |       |     1 |     4 |    14 ||    19
 Abil: Evoke Flight      |       |       |       |       |       |       |     1 |       |       ||     1
Evoke: Wand              |       |       |       |       |       |       |       |       |     8 ||     8
       Fan of gales      |       |       |       |       |       |       |       |       |     2 ||     2
       Phantom mirror    |       |       |       |       |       |       |       |       |     2 ||     2
  Use: Scroll            |       |       |     3 |    15 |    15 |    24 |     5 |    28 |    11 ||   101
       Potion            |       |       |       |     1 |     1 |     1 |     3 |     6 |    33 ||    45
 Stab: Distracted        |       |       |       |       |     2 |     1 |       |       |     5 ||     8
       Paralysed         |       |       |       |       |     1 |       |       |       |       ||     1
       Confused          |       |       |       |       |       |     1 |       |       |       ||     1
  Eat: Chunk             |     2 |     9 |    19 |    22 |    61 |    20 |    38 |    18 |     7 ||   196
       Bread ration      |       |       |     1 |     1 |     1 |     8 |     3 |     3 |     9 ||    26
       Meat ration       |       |       |       |     3 |     2 |     3 |     2 |     3 |     2 ||    15
       Beef jerky        |       |       |       |       |       |     1 |     2 |     2 |       ||     5
       Pizza             |       |       |       |       |       |     1 |       |     1 |       ||     2
Armor: Animal skin       |     6 |       |       |       |       |       |       |       |       ||     6
       Scale mail        |    16 |       |       |       |       |       |       |       |       ||    16
       Chain mail        |     8 |    54 |   101 |   280 |   501 |   367 |   193 |    13 |       ||  1517
       Ring mail         |       |       |       |       |       |       |     5 |       |       ||     5
       Gold dragon armou |       |       |       |       |       |       |       |   304 |   287 ||   591
       Plate armour      |       |       |       |       |       |       |       |    10 |       ||    10
Dodge: Dodged            |    43 |    58 |    58 |   264 |   616 |   684 |   425 |   372 |   380 ||  2900
Block: Shield            |       |       |   109 |   474 |  1018 |   994 |   211 |       |       ||  2806
       Reflection        |       |       |       |       |     2 |   102 |    77 |   179 |    16 ||   376
       Large shield      |       |       |       |       |       |       |  1055 |  1979 |  1352 ||  4386
